 Dungeon Crawl Stone Soup version 0.23-a0-171-g5ae17c6 (webtiles) character file.

90407 mopl the Impaler (level 16, -5/127 HPs)
             Began as a Merfolk Abyssal Knight on Sept 10, 2018.
             Was the Champion of Lugonu.
             Slain by a merfolk impaler
             ... wielding a +0 demon trident of electrocution
              (16 damage)
             ... on level 2 of the Lair of Beasts on Sept 13, 2018.
             The game lasted 01:15:59 (30307 turns).

mopl the Impaler (Merfolk Abyssal Knight)          Turns: 30307, Time: 01:15:59

Health: -5/127     AC:  7    Str: 16    XL:     16   Next: 0%
Magic:  24/25      EV: 25    Int: 15    God:    Lugonu [******]
Gold:   1447       SH:  0    Dex: 16    Spells: 14/15 levels left

rFire    + . .     SeeInvis +   a - +2 demon trident (elec)
rCold    + . .     Gourm    .   (no shield)
rNeg     . . .     Faith    .   V - +0 troll leather armour
rPois    +         Spirit   .   j - +0 hat
rElec    .         Reflect  .   P - scarf {rC+ rF+}
rCorr    .         Harm     .   w - +0 pair of gloves
MR       +....                  K - +0 pair of boots
Stlth    +.........             R - amulet of regeneration
HPRegen  1.11/turn              h - +3 ring of evasion
MPRegen  0.19/turn              e - ring "Aplocron" {rPois Int+3 SInv}

@: barbed spikes
A: change form in water, swift swim, stealthy swim
a: Depart the Abyss, Bend Space, Banish, Corrupt, Enter the Abyss, Brand Weapon
With Distortion, Renounce Religion


You were on level 2 of the Lair of Beasts.
You worshipped Lugonu.
Lugonu was exalted by your worship.
You were not hungry.

You visited 4 branches of the dungeon, and saw 23 of its levels.
You visited the Abyss 1 time.
You also visited: Labyrinth, Sewer, Bailey and Ice Cave.

You collected 2963 gold pieces.
You spent 1516 gold pieces at shops.

Inventory:

Hand Weapons
 a - a +2 demon trident of electrocution (weapon)
 b - a +2 bardiche of venom
Missiles
 l - 17 javelins (quivered)
 E - 6 javelins of penetration
 F - 6 poisoned tomahawks
Armour
 j - a +0 hat (worn)
 w - a +0 pair of gloves (worn)
 K - a +0 pair of boots (worn)
 P - a scarf of resistance (worn)
 V - a +0 troll leather armour (worn)
Jewellery
 e - the ring "Aplocron" (right hand) {rPois Int+3 SInv}
   (You bought it in a shop on level 14 of the Dungeon)

   [ring of see invisible]

   It affects your intelligence (+3).
   It protects you from poison.
   It lets you see invisible.
 h - a +3 ring of evasion (left hand)
 q - an uncursed ring of resist corrosion
 R - an amulet of regeneration (around neck)
 Z - an uncursed ring of flight
Wands
 m - a wand of disintegration (1)
 G - a wand of flame (49)
 H - a wand of iceblast (8)
 J - a wand of polymorph (6)
 L - a wand of scattershot (12)
 N - a wand of paralysis (20)
 T - a wand of clouds (6)
Scrolls
 d - 9 scrolls of remove curse
 k - 2 scrolls of silence {!r}
 p - 3 scrolls of identify
 r - 8 scrolls of teleportation
 v - 3 scrolls of blinking
 y - 2 scrolls of magic mapping
 B - 3 scrolls of fear
 C - 2 scrolls of fog
 O - 3 scrolls of summoning
Potions
 f - 3 potions of resistance
 g - 6 potions of curing
 o - 3 potions of cancellation
 s - 6 potions of might
 t - 6 potions of flight
 u - 4 potions of agility
 z - 3 potions of haste
 M - 6 potions of heal wounds
 U - a potion of lignification {!q}
 X - a potion of ambrosia
Miscellaneous
 I - a lightning rod (4/4)
 S - a fan of gales
Comestibles
 c - 42 rations
 i - 3 chunks of flesh


   Skills:
 + Level 12.1 Fighting
 * Level 20.4 Polearms
 + Level 10.5 Throwing
 + Level 5.0 Armour
 + Level 13.6 Dodging
 + Level 12.5 Invocations
 + Level 6.8 Evocations


You had 14 spell levels left.
You knew the following spells:

 Your Spells              Type           Power        Failure   Level  Hunger
a - Apportation           Tloc           #.....       32%         1    ##.....

Your spell library contained the following spells:

 Spells                   Type           Power        Failure   Level  Hunger
 Corona                   Hex            #......      32%         1    ##.....
 Flame Tongue             Conj/Fire      #....        32%         1    ##.....
 Magic Dart               Conj           #...         32%         1    ##.....
 Summon Butterflies       Summ           #.......     32%         1    ##.....
 Ensorcelled Hibernation  Hex/Ice        #.....       43%         2    ###....
 Searing Ray              Conj           #.....       43%         2    ###....
 Slow                     Hex            #.......     43%         2    ###....
 Throw Flame              Conj/Fire      #.....       43%         2    ###....
 Confuse                  Hex            #.......     67%         3    ####...
 Conjure Flame            Conj/Fire      #.......     67%         3    ####...
 Dazzling Spray           Conj/Hex       #.....       67%         3    ####...
 Ignite Poison            Fire/Tmut/Pois #.......     67%         3    ####...
 Inner Flame              Hex/Fire       #.......     67%         3    ####...
 Lesser Beckoning         Tloc           #.........   67%         3    ####...
 Portal Projectile        Hex/Tloc       #.....       67%         3    ####...
 Tukima's Dance           Hex            #.......     67%         3    ####...
 Cause Fear               Hex            #.........   97%         4    #####..
 Force Lance              Conj/Tloc      #.......     97%         4    #####..
 Fulminant Prism          Conj/Hex       #.........   97%         4    #####..
 Iskenderun's Mystic Bla  Conj           #.......     97%         4    #####..
 Leda's Liquefaction      Hex/Erth       #.........   97%         4    #####..
 Sticky Flame             Conj/Fire      #.......     97%         4    #####..
 Alistair's Intoxication  Tmut/Pois      #.......     100%        5    ######.
 Fireball                 Conj/Fire      #.........   100%        5    ######.
 Bolt of Fire             Conj/Fire      #.........   100%        6    #######
 Invisibility             Hex            #.......     100%        6    #######
 Ring of Flames           Chrm/Fire      #.........   100%        7    #######
 Ignition                 Fire           #.........   100%        8    #######


Dungeon Overview and Level Annotations

Branches:
Dungeon (14/15)            Temple (0/1) D:5            Lair (6/6) D:11
 Shoals (1/4) Lair:2        Snake (0/4) Lair:2        Slime (0/5) Lair:6
    Orc (2/2) D:11            Elf (0/3) Orc:2        Vaults (0/5) D:14

Altars:
Cheibriados
Dithmenos
Fedhas
Makhleb
Nemelex Xobeh
Okawaru
Trog
Vehumet
Beogh
Jiyva

Shops:
D:12 (   D:14 *   Orc:2 [%*?

Portals:
Hell: Lair:6

Annotations:
Abyss:1 Saint Roka


Message History

Press: ? - help, Shift-Dir - straight line, f/p - merfolk
Aim: a merfolk, wielding a trident (heavily wounded)
The mass of ice explodes!
The iceblast engulfs the merfolk impaler.
The merfolk impaler partially resists.
The merfolk impaler is heavily wounded.
The iceblast engulfs the manticore.
The manticore is severely wounded.
The iceblast engulfs the plant.
The plant is almost destroyed.
The iceblast engulfs the merfolk.
The merfolk is severely wounded.
The merfolk impaler hits you from afar with a demon trident of electrocution!
* * * LOW HITPOINT WARNING * * *
The manticore flicks its tail.
The volley of spikes misses you.
The volley of spikes hits the plant.
The merfolk impaler hits you from afar with a demon trident of electrocution!!
* * * LOW HITPOINT WARNING * * *
You are electrocuted!
You die...

#.≈≈# ##≈............P≈
#.≈#### #P≈.....((.....≈≈
#.≈##≈####≈..(.(((..(..#≈
#.≈#P≈##≈≈≈...(...#P...≈≈
##.≈≈≈≈≈≈[≈≈..P....##.>.P≈
#.........PP..((...##..(.≈
###....P...........##..(..
##....PP.P.......##(#..#
#....P@.........####.##
#.........PP.....###÷#
#.P..PHmP..P.....##..##
#.....m>.......(###.(#.
##...P...)P.P.P...(.....
#..P...PPP...P..........
##.....P...PP..P........
#.........P............
##.#.P...P.....#########


You could see a merfolk impaler, a merfolk and a manticore.

Vanquished Creatures
  An ettin (Orc:2)
  A dire elephant (Lair:6)
  Josephine (D:11)
  3 ogre magi
  Erolcha (Orc:1)
  A hydra (D:12)
  A catoblepas (Lair:6)
  3 death yaks
  16 two-headed ogres
  3 orc high priests
  Sonja (Orc:2)
  Nergalle (D:11)
  A sixfirhy (Lair:6)
  2 deep trolls (Orc:2)
  An unseen horror (D:12)
  A wizard (Lair:6)
  A deep elf archer (D:14)
  5 orc knights
  An ugly thing (IceCv)
  A necromancer (Lair:2)
  4 cyclopes
  4 deep elf magi (D:14)
  2 manticores (D:14)
  2 orc sorcerers
  2 centaur zombies
  Maurice (D:11)
  7 black mambas
  A smoke demon (Lair:6)
  A torpor snail (Lair:3)
  An orange demon (Lair:6)
  A kobold demonologist (D:14)
  2 komodo dragons
  8 rime drakes
  7 spiny frogs
  3 ice devils
  3 yaktaurs (D:14)
  2 red devils (Lair:6)
  15 trolls
  2 merfolk (Lair:2)
  A polar bear (Lair:2)
  A hornet (D:14)
  5 blink frogs (Lair:1)
  2 snapping turtles (Lair:2)
  9 hippogriffs
  5 slime creatures (D:12)
  A dream sheep (Lair:6)
  A shadow (D:13)
  A vampire (D:13)
  3 water elementals (Lair:2)
  A spriggan (D:7)
  5 wraiths
  43 yaks
  A wyvern (D:14)
  Grum (D:11)
  6 basilisks
  A steam dragon (D:7)
  3 hungry ghosts
  3 wargs
  An acid dragon (D:14)
  4 nagas (Lair:2)
  Edmund (D:5)
  3 hell hounds (Lair:6)
  2 insubstantial wisps (D:8)
  12 water moccasins
  21 soldier ants
  9 ice beasts
  6 porcupines
  49 orc warriors
  2 eyes of draining
  6 sky beasts
  3 black bears
  4 necrophages
  28 ogres
  4 phantoms
  9 centaurs
  13 wolves
  12 crocodiles
  5 big kobolds
  15 bullfrogs
  3 scorpions
  4 killer bees (D:8)
  11 wights
  4 electric eels (D:11)
  7 howler monkeys
  6 crimson imps
  A bullfrog zombie (D:10)
  4 hounds
  2 quasits
  21 orc priests
  4 centaur skeletons
  4 jellies
  3 bullfrog skeletons
  35 orc wizards
  Ijyb (D:5)
  4 iguanas
  26 worker ants
  2 polar bear simulacra (Lair:3)
  2 yak simulacra (Lair:3)
  A killer bee zombie (D:10)
  5 wolf simulacra (Lair:3)
  A worker ant zombie (D:10)
  7 gnolls
  13 adders
  4 shadow imps
  4 oozes
  An adder zombie (D:8)
  An adder skeleton (D:7)
  5 worms
  A dart slug (D:1)
  6 leopard geckos
  115 orcs
  4 ball pythons
  10 giant cockroaches
  7 goblins
  10 hobgoblins
  11 jackals
  2 quokkas
  18 bats
  6 frilled lizards
  A jackal zombie (D:6)
  21 kobolds
  A leopard gecko skeleton (D:8)
  A quokka zombie (D:5)
  10 rats
  2 river rat simulacra (Lair:3)
828 creatures vanquished.

Vanquished Creatures (collateral kills)
  A minotaur (Lab)
1 creature vanquished.

Vanquished Creatures (others)
  6 hydras
  A catoblepas (Lair:4)
  A queen ant (D:10)
  2 ugly things
  3 ice statues (IceCv)
  3 spiny frogs
  8 fungi
  4 plants
28 creatures vanquished.

Grand Total: 857 creatures vanquished

Notes
Turn   | Place    | Note
-------+----------+-------------------------------------------
     0 | Abyss:1  | mopl the Merfolk Abyssal Knight began the quest for the
                  | Orb.
     0 | Abyss:1  | Reached XP level 1. HP: 18/18 MP: 2/2
     9 | Abyss:1  | Found a corrupted altar of Lugonu.
    15 | D:1      | Escaped the Abyss
   204 | D:1      | Reached XP level 2. HP: 21/24 MP: 3/3
   250 | D:1      | Reached skill level 4 in Polearms
   413 | D:1      | Reached XP level 3. HP: 26/29 MP: 4/4
   485 | D:1      | Reached ** piety under Lugonu
   918 | D:2      | Reached skill level 5 in Polearms
  1033 | D:2      | Reached skill level 3 in Invocations
  1033 | D:2      | Reached XP level 4. HP: 19/35 MP: 6/6
  1335 | D:3      | Found a snail-covered altar of Cheibriados.
  1344 | D:3      | Found a radiant altar of Vehumet.
  1363 | D:3      | Reached skill level 6 in Polearms
  1527 | D:3      | Reached XP level 5. HP: 33/41 MP: 7/7
  1572 | D:3      | Found a glowing drain.
  1581 | Sewer    | Entered a sewer
  1612 | Sewer    | HP: 2/61 [worm (4)]
  2178 | Sewer    | Reached *** piety under Lugonu
  2658 | D:2      | Reached skill level 7 in Polearms
  3120 | D:3      | Upgraded the game from 0.23-a0-164-g7711e57 to
                  | 0.23-a0-169-gb21e695
  3529 | D:3      | Found a faded altar of an unknown god.
  3649 | D:4      | Noticed an ogre
  3658 | D:4      | Killed an ogre
  3658 | D:4      | Reached skill level 4 in Invocations
  3658 | D:4      | Reached XP level 6. HP: 30/47 MP: 7/9
  3831 | D:5      | Entered Level 5 of the Dungeon
  4007 | D:5      | Reached skill level 8 in Polearms
  4034 | D:5      | Found a staircase to the Ecumenical Temple.
  4119 | D:5      | Reached skill level 9 in Polearms
  4119 | D:5      | Reached XP level 7. HP: 26/52 MP: 10/10
  4134 | D:5      | Reached skill level 5 in Invocations
  4879 | D:4      | Reached skill level 10 in Polearms
  5176 | D:5      | Reached XP level 8. HP: 32/58 MP: 12/12
  5220 | D:5      | Reached skill level 3 in Dodging
  5314 | D:5      | Found a bloodstained altar of Trog.
  5359 | D:5      | Found a shadowy altar of Dithmenos.
  5363 | D:5      | Noticed Ijyb
  5376 | D:5      | Killed Ijyb
  5397 | D:5      | Noticed Edmund
  5443 | D:5      | Killed Edmund
  5443 | D:5      | Reached skill level 1 in Throwing
  5443 | D:5      | Reached skill level 6 in Invocations
  5739 | D:5      | Reached skill level 11 in Polearms
  5944 | D:5      | Reached skill level 4 in Fighting
  6131 | D:6      | Reached **** piety under Lugonu
  6237 | D:6      | Reached skill level 2 in Throwing
  6237 | D:6      | Reached skill level 4 in Dodging
  6615 | D:6      | Found a sparkling altar of Nemelex Xobeh.
  6783 | D:6      | Reached XP level 9. HP: 24/66 MP: 6/13
  7451 | D:7      | Reached skill level 12 in Polearms
  7536 | D:7      | Reached skill level 3 in Throwing
  7536 | D:7      | Reached skill level 5 in Dodging
  7544 | D:7      | Found a blossoming altar of Fedhas.
  7697 | D:7      | Reached skill level 5 in Fighting
  7927 | D:7      | Reached skill level 7 in Invocations
  8471 | D:8      | Reached skill level 13 in Polearms
  8471 | D:8      | Reached skill level 6 in Dodging
  8619 | D:8      | Reached skill level 4 in Throwing
  8669 | D:8      | Reached XP level 10. HP: 54/76 MP: 10/15
  8781 | D:8      | Reached skill level 6 in Fighting
  8940 | D:8      | Reached ***** piety under Lugonu
  9776 | D:9      | Reached skill level 7 in Dodging
  9812 | D:9      | Reached skill level 14 in Polearms
  9874 | D:9      | Found an iron altar of Okawaru.
  9916 | D:9      | Reached skill level 8 in Invocations
 10144 | D:9      | Reached skill level 5 in Throwing
 10620 | D:10     | Entered Level 10 of the Dungeon
 11344 | D:10     | Reached skill level 7 in Fighting
 11416 | D:10     | Reached XP level 11. HP: 66/84 MP: 14/17
 11452 | D:10     | Reached skill level 8 in Dodging
 11948 | D:10     | Reached skill level 15 in Polearms
 12102 | D:10     | Noticed a two-headed ogre
 12112 | D:10     | Killed a two-headed ogre
 12335 | D:10     | Noticed a queen ant
 12449 | D:10     | Banished a queen ant
 12483 | D:10     | Reached skill level 6 in Throwing
 12791 | D:10     | Reached skill level 9 in Invocations
 12959 | D:11     | Noticed Grum
 13225 | D:11     | Noticed a two-headed ogre
 13230 | D:11     | Killed a two-headed ogre
 13230 | D:11     | Reached skill level 8 in Fighting
 13230 | D:11     | Reached skill level 9 in Dodging
 13268 | D:11     | Noticed a purple ugly thing
 13274 | D:11     | Banished a purple ugly thing
 13446 | D:11     | Reached skill level 16 in Polearms
 13545 | D:11     | Found a staircase to the Lair.
 14036 | D:11     | Reached XP level 12. HP: 67/94 MP: 15/19
 14107 | D:11     | Noticed Josephine
 14108 | D:11     | Noticed Nergalle
 14216 | D:11     | Killed Grum
 14274 | D:11     | Noticed Maurice
 14285 | D:11     | Reached ****** piety under Lugonu
 14369 | D:11     | Killed Maurice
 14382 | D:11     | Reached skill level 7 in Throwing
 14608 | D:11     | Found a staircase to the Orcish Mines.
 14796 | D:11     | Killed Josephine
 15180 | Lair:1   | Entered Level 1 of the Lair of Beasts
 15196 | Lair:1   | Reached skill level 10 in Dodging
 15252 | Lair:1   | Reached skill level 17 in Polearms
 15358 | Lair:1   | Reached skill level 9 in Fighting
 15369 | Lair:1   | Reached skill level 10 in Invocations
 15393 | Lair:1   | Found a frozen archway.
 15454 | IceCv    | Entered an ice cave
 15649 | IceCv    | Corrupted IceCv
 15649 | IceCv    | Noticed a starcursed mass
 15649 | IceCv    | Noticed a cacodemon
 15649 | IceCv    | Noticed a rakshasa
 15651 | IceCv    | Noticed a thrashing horror
 15652 | IceCv    | Noticed a large abomination
 15652 | IceCv    | Noticed an Executioner
 15652 | IceCv    | Noticed a thrashing horror
 15652 | IceCv    | Noticed a thrashing horror
 15652 | IceCv    | Noticed a thrashing horror
 15654 | IceCv    | Noticed a thrashing horror
 15663 | IceCv    | Noticed a balrug
 15664 | IceCv    | Noticed a thrashing horror
 15681 | IceCv    | Noticed a tentacled starspawn
 15694 | IceCv    | Noticed an ancient lich
 15870 | Lair:1   | Noticed a five-headed hydra
 15871 | Lair:1   | Banished a five-headed hydra
 16608 | Lair:2   | Found a staircase to the Shoals.
 16620 | Lair:2   | Found a labyrinth entrance.
 16629 | Lab      | Entered a labyrinth
 16897 | Lab      | Noticed a minotaur
 16905 | Lab      | Killed a minotaur
 16979 | Lair:2   | Reached XP level 13. HP: 92/101 MP: 17/20
 17038 | Lair:2   | Reached skill level 8 in Throwing
 17157 | Lair:2   | Reached skill level 18 in Polearms
 17157 | Lair:2   | Reached skill level 11 in Dodging
 17246 | Lair:2   | Found a staircase to the Snake Pit.
 18203 | Lair:2   | Reached skill level 1 in Armour
 18220 | Lair:2   | Reached skill level 1 in Evocations
 18394 | Lair:3   | Reached skill level 10 in Fighting
 19598 | Lair:4   | Reached skill level 2 in Evocations
 19920 | Lair:4   | Reached skill level 11 in Invocations
 20049 | Lair:4   | Reached skill level 2 in Armour
 21115 | Lair:5   | Upgraded the game from 0.23-a0-169-gb21e695 to
                  | 0.23-a0-171-g5ae17c6
 21140 | Lair:6   | Entered Level 6 of the Lair of Beasts
 21236 | Lair:6   | Reached skill level 3 in Evocations
 21481 | Lair:6   | Reached skill level 9 in Throwing
 21509 | Lair:6   | Got an ichor-stained robe
 21524 | Lair:5   | Identified the +0 robe of the Ward {rPois Regen+ Int+4
                  | Dex-3 Stlth+} (You found it on level 6 of the Lair of
                  | Beasts)
 21576 | Lair:6   | Reached XP level 14. HP: 101/111 MP: 20/22
 21870 | Lair:6   | Reached skill level 12 in Dodging
 21974 | Lair:6   | Found a viscous altar of Jiyva.
 21975 | Lair:6   | Found a staircase to the Slime Pits.
 22291 | Lair:6   | Noticed a dire elephant
 22310 | Lair:6   | Killed a dire elephant
 22310 | Lair:6   | Reached skill level 3 in Armour
 22310 | Lair:6   | Reached skill level 4 in Evocations
 22375 | Lair:6   | Found a burning altar of Makhleb.
 23091 | Lair:6   | Found a gateway to Hell.
 23313 | D:11     | Killed Nergalle
 23329 | Orc:1    | Entered Level 1 of the Orcish Mines
 23401 | Orc:2    | Entered Level 2 of the Orcish Mines
 23416 | Orc:2    | Noticed Erolcha
 23454 | Orc:2    | Noticed Saint Roka
 23649 | Orc:1    | Killed Erolcha
 23649 | Orc:1    | Reached skill level 11 in Fighting
 23965 | D:12     | Reached skill level 19 in Polearms
 24197 | D:12     | Learned a level 1 spell: Apportation
 24283 | D:12     | Identified a scroll of acquirement
 24813 | D:12     | Reached skill level 5 in Evocations
 24929 | D:12     | Found Yromanti's Weapon Shoppe.
 24937 | D:12     | Bought a +2 bardiche of venom for 387 gold pieces
 26048 | Orc:2    | Found a roughly hewn altar of Beogh.
 26051 | Orc:2    | Noticed Sonja
 26058 | Orc:2    | Killed Sonja
 26177 | Orc:2    | Reached skill level 4 in Armour
 26242 | Orc:1    | Reached XP level 15. HP: 77/119 MP: 20/23
 26443 | Orc:1    | Reached skill level 12 in Invocations
 26740 | D:14     | Reached skill level 10 in Throwing
 26740 | D:14     | Reached skill level 13 in Dodging
 26993 | D:14     | Found Dyikhoso's General Store.
 27067 | D:14     | Found a flagged portal.
 27082 | Bailey   | Entered a bailey
 27667 | D:14     | Reached skill level 6 in Evocations
 27984 | D:14     | HP: 2/120 [deep elf archer/arrow (27)]
 28137 | D:14     | Found a gate to the Vaults.
 28328 | D:14     | Bought the ring "Aplocron" {rPois Int+3 SInv} for 325 gold
                  | pieces
 28546 | Orc:2    | Reached skill level 20 in Polearms
 28740 | Orc:2    | Found a staircase to the Elven Halls.
 29107 | Orc:1    | You fall through a shaft!
 29107 | Orc:2    | Found Peohisku's Antique Armour Emporium.
 29107 | Orc:2    | Found Jyuhyxaff's Food Emporium.
 29113 | Orc:2    | Banished Saint Roka
 29113 | Orc:2    | Reached skill level 12 in Fighting
 29336 | Orc:1    | Reached skill level 5 in Armour
 29431 | Orc:1    | Found a roughly hewn altar of Beogh.
 29656 | Orc:2    | Found Nomnuutiepn's Assorted Antiques.
 29665 | Orc:2    | Found Dyutaps's Magic Scroll Shoppe.
 29669 | Orc:2    | Bought a potion of curing for 93 gold pieces
 29669 | Orc:2    | Bought a potion of heal wounds for 155 gold pieces
 29669 | Orc:2    | Bought a scroll labeled LOADUA QEFRAA for 31 gold pieces
 29674 | Orc:2    | Bought a scroll of identify for 28 gold pieces
 29674 | Orc:2    | Bought a scroll of identify for 28 gold pieces
 29674 | Orc:2    | Bought a scroll of identify for 28 gold pieces
 29674 | Orc:2    | Bought a scroll of identify for 28 gold pieces
 29674 | Orc:2    | Bought a scroll of identify for 28 gold pieces
 29832 | Orc:2    | Bought a scroll of holy word for 105 gold pieces
 29832 | Orc:2    | Bought a scroll of brand weapon for 280 gold pieces
 29988 | Shoals:1 | Entered Level 1 of the Shoals
 30265 | Lair:2   | Reached XP level 16. HP: 100/127 MP: 25/25
 30307 | Lair:2   | Slain by a merfolk impaler

Vault maps used:
D:1:      matt_arrival_los_fun, serial_park_tiny_1
D:3:      amethyst_overflow_temple_binary, chequers_ecumenical_altar_grove,
          portal_sewer_entry_f, first_ration
D:4:      minmay_misc_feat_cross
D:5:      kennysheep_mini, minmay_temple_entry_large_hall,
          grunt_dithmenos_smoke, uniq_edmund, uniq_ijyb
D:6:      nemelex_diamond_rough_becter
D:7:      fedhas_altar_3, the_bakery
D:8:      hangedman_misty_isle
D:9:      serial_undead, serial_undead_a, serial_undead_a, serial_undead_c,
          serial_undead_a, okawaru_gym_becter
D:10:     minmay_misc_feat_plants, minmay_variable_closet,
          minmay_misc_feat_secret_circle, hangedman_decor_clover_reticule,
          nrook_mini_vaults, minivault_29
D:11:     grunt_lair_entry_orc_guard_hut, erik_orc_2, grunt_ministairs_8,
          uniq_josephine, uniq_maurice, uniq_grum, uniq_nergalle
D:12:     serial_shops, shop
D:14:     hangedman_vaults_entry_quadrant_bands, serial_shops,
          nicolae_shop_behind_doors, enter_bailey_2
Lair:1:   portal_ice_cave_entry_pillars_2, grunt_megastairs_5
Lair:2:   minmay_shoals_entry_centaurs, minmay_snake_entry_guardpost_small,
          lab_entry_generic, lemuel_fruit_tree
Lair:3:   statuecave_lemuel, eino_house_with_fridge
Lair:6:   evil_forest, slime_altar_1
Shoals:1: serial_shops, shop
Orc:1:    basic_altar
Orc:2:    st_orc_open, basic_altar, uniq_saint_roka, uniq_sonja, uniq_erolcha
Lab:      nicolae_lab_statue, nicolae_lab_big_swirl, labyrinth_lava_lair,
          lab_block, nicolae_lab_quarters
Sewer:    sewer_fruit_machine
Bailey:   bailey_polearm_4, bailey
IceCv:    ice_cave_statue_garden_chambered

Skill      XL: |  1  2  3  4  5  6  7  8  9 10 11 12 13 14 15 |
---------------+----------------------------------------------+-----
Polearms       | 4 5 6 7 9 10 11 13 14 16 17 18 19 20 | 20.4
Invocations    | 3 4 5 6 7 8 9 10 11 12 | 12.5
Dodging        | 4 6 7 9 10 11 12 13 | 13.6
Throwing       | 2 4 5 6 7 9 10 | 10.5
Fighting       | 4 5 7 8 9 10 11 12 | 12.1
Armour         | 2 4 5 |  5.0
Evocations     | 3 5 6 |  6.8

Action                   |  1- 3 |  4- 6 |  7- 9 | 10-12 | 13-15 | 16-18 || total
-------------------------+-------+-------+-------+-------+-------+-------++-------
Melee: Spear             |   168 |   341 |   448 |       |       |       ||   957
       Tailslap          |       |     2 |       |     2 |    12 |       ||    16
       Trident           |       |       |   102 |  1301 |   781 |       ||  2184
       Demon trident     |       |       |       |       |  1085 |     9 ||  1094
Throw: Javelin           |       |     6 |       |       |    23 |       ||    29
Invok: Bend Space        |       |     1 |       |     1 |     5 |     1 ||     8
       Banish            |       |       |       |     4 |    17 |       ||    21
       Corrupt           |       |       |       |     1 |       |       ||     1
Evoke: Wand              |       |       |    24 |    17 |    15 |     3 ||    59
       Phantom mirror    |       |       |       |     1 |       |       ||     1
  Use: Potion            |       |     1 |       |     2 |     2 |       ||     5
       Scroll            |       |     1 |     7 |     7 |    19 |       ||    34
 Stab: Sleeping          |     1 |     6 |     2 |       |     1 |       ||    10
       Paralysed         |       |       |     6 |    19 |     3 |       ||    28
       Distracted        |       |       |     1 |       |     1 |       ||     2
       Petrified         |       |       |       |       |    11 |       ||    11
       Petrifying        |       |       |       |       |     1 |       ||     1
  Eat: Chunk             |     1 |     9 |    15 |    27 |    43 |       ||    95
       Ration            |       |       |       |     1 |     1 |       ||     2
Armor: Leather armour    |    28 |    39 |    26 |    28 |       |       ||   121
       Skin              |       |    17 |       |    56 |       |       ||    73
       Troll leather arm |       |       |       |    47 |   120 |     1 ||   168
Dodge: Dodged            |    91 |   161 |   178 |   642 |  1181 |    35 ||  2288

Table legend:
 A = Non-vault XP
 B = Vault XP
 C = Vault XP percentage of total XP
 D = Non-vault monster count
 E = Vault monster count
 F = Vault count percentage of total count
                 A         B        C        D         E       F
            +---------+---------+-------+---------+---------+-------
      Total |   73088 |   56066 |  43.4 |     583 |     259 |  30.8
            +---------+---------+-------+---------+---------+-------
        D:1 |      44 |       0 |   0.0 |      26 |       0 |   0.0
        D:2 |     109 |       0 |   0.0 |      25 |       0 |   0.0
        D:3 |      54 |      10 |  15.6 |      15 |       4 |  21.1
        D:4 |     540 |       0 |   0.0 |      17 |       0 |   0.0
        D:5 |     799 |     200 |  20.0 |      20 |       2 |   9.1
        D:6 |     680 |       3 |   0.4 |      16 |       1 |   5.9
        D:7 |     709 |     402 |  36.2 |      22 |       2 |   8.3
        D:8 |    1538 |     689 |  30.9 |      31 |       5 |  13.9
        D:9 |    2064 |     307 |  12.9 |      30 |       5 |  14.3
       D:10 |    2997 |    4569 |  60.4 |      33 |      42 |  56.0
       D:11 |    2538 |    5118 |  66.8 |      27 |      35 |  56.5
       D:12 |    9250 |       0 |   0.0 |      50 |       0 |   0.0
       D:13 |    3367 |       0 |   0.0 |      20 |       0 |   0.0
       D:14 |    6228 |    8316 |  57.2 |      29 |      18 |  38.3
     Lair:1 |    5551 |     436 |   7.3 |      26 |       1 |   3.7
     Lair:2 |    8187 |    1783 |  17.9 |      29 |      10 |  25.6
     Lair:3 |    2620 |     277 |   9.6 |      11 |      11 |  50.0
     Lair:4 |    6543 |       0 |   0.0 |      24 |       0 |   0.0
     Lair:5 |    2129 |     346 |  14.0 |      11 |       1 |   8.3
     Lair:6 |    4570 |    9728 |  68.0 |      19 |      25 |  56.8
      Orc:1 |    7633 |    6115 |  44.5 |      55 |      18 |  24.7
      Orc:2 |    4349 |   14447 |  76.9 |      46 |      30 |  39.5
        Lab |     589 |       0 |   0.0 |       1 |       0 |   0.0
      Sewer |       0 |      69 | 100.0 |       0 |      24 | 100.0
     Bailey |       0 |    1853 | 100.0 |       0 |      18 | 100.0
      IceCv |       0 |    1398 | 100.0 |       0 |       7 | 100.0
            +---------+---------+-------+---------+---------+-------
